AoeStats
← JUNIOR

QS Arena

503154111Analyzed
1v1 RM · 1mo ago on Aug 30, 2026· 36m 11s· 2 players
Game mode
Random Map
Map size
Tiny (2 player)
Population
200
Speed
Normal
Resources
Standard
Victory
Conquest
Starting age
Dark Age
Ending age
Imperial Age
RankedLock teamsTeams togetherTeam positionsShared explorationLock speedFull tech treeHidden civsTurbo modeCheats
Victory
Defeat
🇷🇺 Poles · Russia
1013
+16
🇧🇷 Khmer · Brazil
1013
-16
Дитя Войны
10:07 Feudal Age
13:59 Castle Age
12:40 Double-Bit Axe
12:53 Horse Collar
14:10 Loom
15:38 Bow Saw
22:46 Fletching
26:15 Gold Mining
26:16 Stone Mining
26:13 Town Watch
27:10 Wheelbarrow
31:34 Imperial Age
30:03 Szlachta Privileges
30:46 Husbandry
30:56 Bloodlines
32:59 Conscription
32:51 Scale Barding Armor
32:49 Bodkin Arrow
33:08 Forging
33:48 Cavalier
JUNIOR
7:29 Feudal Age
10:48 Loom
13:20 Castle Age
20:50 Horse Collar
21:54 Fortified Wall
28:30 Imperial Age
27:08 Wheelbarrow
27:36 Husbandry
27:49 Bloodlines
27:15 Light Cavalry
Connection lost

Rejoining the realm…

Still unreachable

The connection could not be restored.

Session expired

The server has moved on; the page needs a fresh start.